Map: Новое противостояние РВ

Players

Murena

  • Race: Terran Terran
  • Spawn Location: 1:00

ИИ 1 (эксперт) - Winner!

  • Race: Terran Terran
  • Spawn Location: 7:00

VOD

Have the link to the VOD?

Description

Time

  • Played on: Aug. 7, 2019, 2:14 p.m.
  • Length: 9:47
Show
View Real Time Build Order
Export as new Build Order

Murena Terran 

Build Orders:  

Get SALT Encoding   

  12  0:01  SCV  
  13  0:13  SCV  
  14  0:19  Supply Depot  
  14  0:25  SCV  
  15  0:30  Refinery  
  15  0:43  Barracks  
  15  0:46  SCV  
  16  0:58  SCV  
  17  1:08  Barracks  
  18  1:11  SCV  
  18  1:22  Supply Depot  
  18  1:24  SCV  
  19  1:30  Marine  
  20  1:36  SCV  
  21  1:47  Factory  
  21  1:49  SCV  
  22  1:55  Marine  
  22  1:56  Marine  
  24  2:02  SCV  
  25  2:10  Refinery  
  25  2:13  Barracks Reactor  
  25  2:15  Barracks Reactor  
  25  2:16  SCV  
  26  2:28  Orbital Command  
  26  2:42  Starport  
  26  2:49  Marine  
  26  2:50  Supply Depot, Marine  
  28  2:52  Marine  
  28  2:56  SCV  
  30  2:59  Marine  
  31  3:12  Marine, Starport  
  31  3:13  Marine  
  31  3:19  Starport Tech Lab  
  33  3:21  Marine  
  33  3:22  Marine  
  35  3:28  Supply Depot  
  35  3:31  SCV  
  35  3:32  Marine  
  37  3:34  Marine  
  38  3:43  SCV  
  39  3:58  SCV  
  39  4:01  Marine  
  41  4:04  Command Center  
  41  4:08  Marine  
  41  4:09  Marine  
  42  4:15  Starport Tech Lab  
  42  4:16  SCV  
  44  4:21  Banshee  
  47  4:26  Cloaking Field  
  47  4:34  Supply Depot  
  47  4:40  Supply Depot  
  47  4:48  Starport  
  47  4:55  Banshee  
  47  4:56  SCV  
  51  5:05  Banshee  
  51  5:06  Marine  
  55  5:07  Marine  
  55  5:09  Marine  
  55  5:11  SCV  
  58  5:20  Orbital Command  
  58  5:24  SCV  
  59  5:29  Starport Tech Lab  
  59  5:32  Marine  
  60  5:37  Engineering Bay  
  60  5:38  Banshee  
  60  5:42  SCV  
  64  5:46  Marine  
  64  5:47  SCV  
  66  5:50  Banshee  
  66  5:55  Banshee  
  72  6:00  SCV  
  73  6:05  Supply Depot  
  73  6:07  Missile Turret  
  73  6:10  SCV, Missile Turret  
  74  6:14  SCV  
  75  6:23  Fusion Core  
  75  6:25  Banshee  
  75  6:28  Marine x4  
  75  6:30  SCV  
  75  6:31  SCV  
  84  6:37  Refinery  
  84  6:38  Refinery  
  84  6:49  SCV x2  
  84  6:51  Barracks  
  86  6:58  Armory  
  86  7:00  Engineering Bay  
  86  7:01  Bunker  
  86  7:07  Supply Depot  
  86  7:10  Factory  
  86  7:11  Factory Tech Lab  
  49  9:27  Barracks Tech Lab  
Show
View Real Time Build Order
Export as new Build Order

ИИ 1 (эксперт) Terran - Winner!

Build Orders: 2 Factory, Command Center First (CC) 

Get SALT Encoding   

  12  0:00  SCV  
  13  0:13  SCV  
  14  0:18  Supply Depot  
  14  0:25  SCV  
  15  0:40  SCV  
  16  0:52  SCV  
  17  1:03  Command Center  
  17  1:14  Barracks  
  17  1:16  SCV  
  18  1:28  SCV  
  19  1:42  Refinery  
  19  1:55  Supply Depot  
  19  1:56  SCV  
  20  2:02  Marine  
  21  2:09  Orbital Command, Refinery  
  21  2:14  SCV  
  22  2:20  Marine  
  23  2:26  SCV  
  24  2:38  Marine  
  24  2:39  SCV  
  26  2:52  SCV  
  26  2:53  Orbital Command  
  26  2:54  Factory  
  26  2:56  Marine  
  28  3:05  Factory  
  28  3:07  SCV  
  29  3:14  Marine  
  29  3:19  SCV x2  
  32  3:25  Supply Depot  
  32  3:31  Marine, SCV x2  
  35  3:37  Factory Tech Lab  
  35  3:43  SCV x2  
  37  3:49  Marine  
  37  3:50  Factory Tech Lab  
  37  3:55  Siege Tank, SCV x2  
  43  3:59  Supply Depot  
  43  4:07  SCV x2  
  43  4:08  Siege Tank  
  48  4:17  Supply Depot, Marine  
  48  4:19  SCV x2  
  51  4:26  Supply Depot  
  51  4:27  Siege Tank  
  54  4:31  SCV  
  54  4:32  SCV  
  56  4:40  Supply Depot  
  56  4:44  Marine, SCV x2  
  62  4:45  Siege Tank  
  62  4:56  SCV x2  
  62  4:59  Supply Depot  
  64  5:02  Marine  
  64  5:03  Refinery  
  64  5:07  Barracks  
  65  5:08  SCV x2, Refinery  
  67  5:20  SCV x2  
  67  5:21  Barracks Tech Lab  
  69  5:26  Engineering Bay  
  69  5:32  SCV  
  69  5:33  SCV  
  69  5:35  Ghost Academy  
  71  5:39  Marine  
  71  5:41  Stimpack  
  72  5:43  Command Center  
  72  5:44  SCV  
  72  5:47  SCV  
  74  5:53  Barracks Tech Lab  
  74  5:56  SCV, Barracks, Missile Turret  
  75  5:57  Marine, Missile Turret  
  75  6:02  Starport  
  76  6:11  Engineering Bay, Marine  
  76  6:13  Combat Shield  
  76  6:15  Ghost  
  79  6:19  Supply Depot  
  79  6:30  Marauder  
  81  6:37  Terran Infantry Weapons Level 1  
  81  6:38  Missile Turret  
  81  6:41  Medivac  
  81  6:43  Marine, Ghost  
  81  6:44  Barracks  
  81  6:46  Terran Infantry Armor Level 1  
  86  6:50  Marine  
  87  6:56  SCV x2  
  87  6:57  SCV  
  87  7:01  Marine  
  91  7:04  Refinery  
  92  7:08  SCV  
  92  7:09  SCV x2, Missile Turret, Marauder  
  92  7:11  Medivac, Missile Turret  
  92  7:12  Marine  
  92  7:14  Refinery  
  99  7:16  Supply Depot  
  99  7:19  Barracks Reactor  
  99  7:20  SCV  
  99  7:21  SCV  
  99  7:22  SCV  
  102  7:23  Personal Cloaking  
  102  7:30  Marine, Marauder  
  102  7:31  Marine  
  102  7:32  SCV  
  102  7:33  SCV  
  102  7:34  Orbital Command  
  108  7:40  Supply Depot  
  108  7:41  Starport Reactor  
  108  7:44  SCV  
  108  7:45  SCV  
  108  7:48  Marauder  
  108  7:49  Marine  
  108  7:51  Ghost  
  113  7:55  Marine  
  113  7:56  Marine, SCV  
  113  7:58  SCV  
  100  8:00  SCV  
  92  8:06  Marine  
  92  8:09  Marine, SCV  
  92  8:10  SCV  
  89  8:13  Marine x2  
  89  8:17  Viking, Medivac  
  89  8:20  Marauder  
  89  8:24  Marine  
  90  8:27  Marauder  
  90  8:29  Missile Turret  
  90  8:31  Marine  
  90  8:32  Marine  
  90  8:33  SCV  
  90  8:34  SCV x2  
  92  8:42  Marine, Marauder  
  92  8:45  SCV  
  92  8:47  Viking, SCV, Medivac  
  92  8:48  Ghost  
  96  8:49  Marine  
  96  8:50  Marine, SCV  
  97  8:57  SCV  
  97  9:00  Marine, SCV  
  97  9:02  SCV  
  101  9:03  Marauder  
  101  9:07  Marine x2  
  101  9:09  SCV  
  106  9:12  Armory  
  106  9:16  Missile Turret  
  106  9:17  Marine, Viking  
  106  9:18  Marine  
  110  9:24  Marine  
  110  9:27  Marine  
  110  9:28  Supply Depot  
  110  9:29  Command Center  
Tags
 
Add a new tag
Caveats
  • Supply blocks, unpowered buildings, or Contaminate may cause inaccurate times.
  • Supply counts are checked every 10 seconds.